[Event "Tuesday Night Engine Tour 7 Rd Swiss 12m+1s Starts at 2200hrs ST"]
[Site "Infinity Chess"]
[Date "2018.1.16"]
[Round "5"]
[White "hafaba"]
[Black "Eman"]
[Result "1/2-1/2"]
[ECO "D31"]
[WhiteElo "2432"]
[BlackElo "2462"]
[WhiteEngine "Stockfish SL 07012018 POPCNT_CTG"]
[BlackEngine "Eman 1.62 64-bit POPCNT"]
[EventType "Swiss"]
[WhiteTeam ""]
[BlackTeam ""]
[PlyCount "108"]
[TimeControl "720+1"]

1. d4 d5 2. c4 e6 3. Nc3 c6 4. Nf3 Nf6 5. e3 Nbd7 6. h3 Be7 7. Be2 O-O 8. O-O b6 
9. b3 Bb7 10. Bb2 Bd6 11. Qc2 Qe7 12. Rfe1 c5 13. cxd5 exd5 14. Nb5 Bb8 
15. dxc5 bxc5 16. Rad1 a6 17. Nc3 Re8 18. Bf1 Bc7 19. g3 Rac8 20. Bg2 Ba5 
21. Nh4 Qe6 22. Nf5 Ne5 23. Rf1 Bc6 24. g4 h5 25. f4 Nexg4 26. hxg4 d4 
27. Bxc6 Rxc6 28. exd4 cxd4 29. Nxd4 Rxc3 30. Bxc3 Qxg4+ 31. Qg2 Bxc3 
32. Qxg4 Nxg4 33. Rd3 Ba5 34. Rc1 Bb6 35. Kg2 g6 36. Kf3 Bxd4 37. Rxd4 Re3+ 
38. Kg2 Re2+ 39. Kf3 Rxa2 40. Kg3 Ne3 41. Kf3 Nf5 42. Rd3 h4 43. Rc6 h3 
44. Kg4 h2 45. Rc1 a5 46. Rh1 Kg7 47. Kh3 Rf2 48. Rxh2 Rxf4 49. Ra2 Rd4 
50. Rxd4 Nxd4 51. Rxa5 Nxb3 52. Ra6 Nd4 53. Kg2 Nc2 54. Rd6 g5 1/2-1/2

[Event "Tuesday Night Engine Tour 7 Rd Swiss 12m+1s Starts at 2200hrs ST"]
[Site "Infinity Chess"]
[Date "2018.1.16"]
[Round "5"]
[White "Thor"]
[Black "KULLANI"]
[Result "1/2-1/2 "]
[ECO "C53"]
[WhiteElo "2452"]
[BlackElo "2476"]
[WhiteEngine "asmFishW_2017-11-19_bmi2"]
[BlackEngine "BrainFish_180113_x64_CTG"]
[EventType "Swiss"]
[WhiteTeam ""]
[BlackTeam ""]
[PlyCount "185"]
[TimeControl "720+1"]

1. e4 e5 2. Nf3 Nc6 3. Bc4 Bc5 4. c3 Nf6 5. d4 exd4 6. e5 d5 7. Bb5 Ne4 
8. cxd4 Bb6 9. O-O Bg4 10. a4 a5 11. Nc3 O-O 12. Bxc6 bxc6 13. h3 Bxf3 
14. Qxf3 Bxd4 15. Nxe4 dxe4 16. Qxe4 Re8 17. Qxc6 Re6 18. Qf3 c5 19. Be3 Rxe5 
20. Bxd4 cxd4 21. Rfe1 Re8 22. Rad1 Qd7 23. Rxe8+ Rxe8 24. Qg4 Qxa4 
25. Qxd4 Qxd4 26. Rxd4 f6 27. b4 a4 28. b5 Ra8 29. b6 a3 30. b7 Rb8 31. Ra4 Rxb7 
32. Rxa3 g5 33. Ra8+ Kf7 34. g4 Kg6 35. f3 h5 36. gxh5+ Kxh5 37. Rh8+ Kg6 
38. h4 Kg7 39. Ra8 gxh4 40. Ra4 h3 41. Rg4+ Kf7 42. Kh2 Rb3 43. Kxh3 Rxf3+ 
44. Kh4 Rf1 45. Ra4 Rf2 46. Kg4 Rg2+ 47. Kf4 Ke7 48. Kf3 Rg5 49. Ra6 Rf5+ 
50. Ke2 Rd5 51. Ra7+ Ke6 52. Ra1 Kf5 53. Ra4 Rb5 54. Ra3 Kg4 55. Ra4+ Kg3 
56. Ra3+ Kg4 57. Ra4+ Kg5 58. Ra3 Kh4 59. Kf3 Kg5 60. Kg2 Rb2+ 61. Kg3 Rb1 
62. Rd3 Kg6 63. Rd5 Rf1 64. Rd2 Rg1+ 65. Kf2 Rg5 66. Rb2 Kh6 67. Rb1 Ra5 
68. Rc1 Rf5+ 69. Kg3 Kg5 70. Ra1 Rd5 71. Ra3 f5 72. Kf2 Rb5 73. Kf3 Rb4 
74. Rd3 Rb6 75. Ra3 Rb1 76. Rc3 Ra1 77. Kg3 Ra7 78. Kf3 Ra2 79. Rb3 Rh2 
80. Kg3 Re2 81. Rc3 Re4 82. Ra3 Re1 83. Kf2 Rc1 84. Rg3+ Kf6 85. Re3 Rc6 
86. Ra3 Rc2+ 87. Kf3 Kg5 88. Re3 Rh2 89. Kg3 Ra2 90. Rc3 Re2 91. Kf3 Rh2 
92. Kg3 Rb2 93. Rd3 1/2-1/2

[Event "Tuesday Night Engine Tour 7 Rd Swiss 12m+1s Starts at 2200hrs ST"]
[Site "Infinity Chess"]
[Date "2018.1.16"]
[Round "5"]
[White "angriff"]
[Black "BlitzMaster"]
[Result "1-0"]
[ECO "C77"]
[WhiteElo "2482"]
[BlackElo "2480"]
[WhiteEngine "Raubfisch ME262_GTZ16b1_CTG"]
[BlackEngine "komodo-11.2.2-64bit"]
[EventType "Swiss"]
[WhiteTeam ""]
[BlackTeam ""]
[PlyCount "217"]
[TimeControl "720+1"]

1. e4 e5 2. Nf3 Nc6 3. Bb5 a6 4. Ba4 Nf6 5. O-O Be7 6. Re1 b5 7. Bb3 O-O 
8. h3 Bb7 9. d3 d6 10. a3 Na5 11. Ba2 c5 12. Nbd2 Nc6 13. Nf1 Bc8 14. c3 a5 
15. a4 b4 16. Ne3 Rb8 17. Bc4 h6 18. Nd5 Bd7 19. Bd2 Rc8 20. Rc1 Re8 21. Ne3 Rf8 
22. Bb5 Be6 23. Qc2 Qd7 24. Nh2 Rfd8 25. Qd1 Qa7 26. Nhf1 d5 27. Nxd5 Nxd5 
28. exd5 Bxd5 29. Ne3 Be6 30. Qf3 Qd7 31. Rcd1 Bb3 32. Rc1 Be6 33. Qg3 e4 
34. Ng4 exd3 35. Nxh6+ Kf8 36. Re4 Bd5 37. Rg4 Bf6 38. Re1 c4 39. Rf4 bxc3 
40. bxc3 Re8 41. Rxe8+ Rxe8 42. Rxf6 gxf6 43. Ng8 Re6 44. Bxc6 Rxc6 45. Qb8+ Qc8 
46. Bh6+ Ke8 47. Qxc8+ Rxc8 48. Nxf6+ Kd8 49. Nxd5 Rb8 50. g4 Rb2 51. Kf1 Kd7 
52. Be3 Kd6 53. Nf6 Ra2 54. h4 Rxa4 55. h5 Ke6 56. Ne4 Ra1+ 57. Kg2 Rb1 
58. h6 Rb8 59. Kf3 f6 60. Bd4 Kf7 61. Nd6+ Kg6 62. Ke3 a4 63. Nxc4 Rb3 
64. Kxd3 a3 65. Ne3 a2 66. Nc2 Rb1 67. c4 Rd1+ 68. Ke3 Rc1 69. Kd2 Rh1 
70. c5 Rxh6 71. Nb4 Kf7 72. c6 Ke7 73. Nxa2 Kd6 74. Nb4 Rg6 75. Kd3 Rxg4 
76. c7 Kxc7 77. Nd5+ Kd6 78. Nxf6 Rh4 79. Ke3 Ke6 80. Ne4 Rh6 81. f3 Rh4 
82. Bf6 Rh6 83. Bc3 Rh2 84. Kf4 Rc2 85. Ng5+ Kd5 86. Be5 Rc8 87. Kf5 Rf8+ 
88. Bf6 Ra8 89. f4 Ra3 90. Kg6 Ra4 91. f5 Ra6 92. Kf7 Ra7+ 93. Be7 Ke5 
94. f6 Ra8 95. Kg7 Ra7 96. Nf7+ Ke6 97. Nd8+ Kd5 98. Kf7 Ke4 99. Ke8 Kf3 
100. f7 Kg2 101. f8=Q Ra4 102. Qf5 Ra6 103. Bc5 Ra5 104. Qg4+ Kh2 105. Bf2 Ra3 
106. Ne6 Ra8+ 107. Kf7 Rg8 108. Kxg8 Kh1 109. Qg1# 1-0

[Event "Tuesday Night Engine Tour 7 Rd Swiss 12m+1s Starts at 2200hrs ST"]
[Site "Infinity Chess"]
[Date "2018.1.16"]
[Round "5"]
[White "SkyPilot"]
[Black "KhalidOmar"]
[Result "1/2-1/2"]
[ECO "C55"]
[WhiteElo "2474"]
[BlackElo "2461"]
[WhiteEngine "stockfish_x64_bmi2_2018_01_13_CTG"]
[BlackEngine "Eman 1.62 64-bit BMI2"]
[EventType "Swiss"]
[WhiteTeam ""]
[BlackTeam ""]
[PlyCount "104"]
[TimeControl "720+1"]

1. e4 e5 2. Nf3 Nc6 3. Bc4 Nf6 4. d3 Bc5 5. c3 a5 6. O-O d6 7. Re1 O-O 
8. Nbd2 Be6 9. Bb5 Ne7 10. d4 Ba7 11. Nf1 exd4 12. Nxd4 Ng6 13. Ba4 h6 
14. Nxe6 fxe6 15. Be3 Bxe3 16. Nxe3 Kh8 17. Bb3 Qd7 18. Bc2 a4 19. g3 Qc6 
20. f4 e5 21. f5 Ne7 22. c4 Rf7 23. Qd3 Qc5 24. Rac1 Qd4 25. Qc3 Nc6 
26. Rcd1 Qa7 27. Bd3 Nd4 28. Kh1 c6 29. Rf1 a3 30. b4 b5 31. cxb5 Nxb5 
32. Qe1 Rb8 33. Bxb5 cxb5 34. Nd5 Rc8 35. Nxf6 Rxf6 36. h4 Rc4 37. g4 Qa8 
38. Rd5 Rf8 39. g5 g6 40. Qe2 Rxf5 41. Rxf5 gxf5 42. Qh5 Rc1+ 43. Kh2 Qf8 
44. Rxb5 fxe4 45. Rb8 Qxb8 46. Qxh6+ Kg8 47. Qg6+ Kh8 48. Qf6+ Kg8 49. Qe6+ Kg7 
50. Qf6+ Kg8 51. Qg6+ Kh8 52. Qf6+ Kg8 1/2-1/2

[Event "Tuesday Night Engine Tour 7 Rd Swiss 12m+1s Starts at 2200hrs ST"]
[Site "Infinity Chess"]
[Date "2018.1.16"]
[Round "5"]
[White "RonWeasley"]
[Black "MarioDeMonti"]
[Result "1/2-1/2"]
[ECO "C55"]
[WhiteElo "2459"]
[BlackElo "2427"]
[WhiteEngine "BrainFish 130117_CTG"]
[BlackEngine "stockfish_x64_bmi2_2018_01_13_CTG"]
[EventType "Swiss"]
[WhiteTeam ""]
[BlackTeam ""]
[PlyCount "51"]
[TimeControl "720+1"]

1. e4 e5 2. Nf3 Nc6 3. Bc4 Nf6 4. d3 Bc5 5. c3 d6 6. Bb3 a6 7. Nbd2 O-O 8. h3 h6 
9. g4 Be6 10. g5 hxg5 11. Nxg5 Bxb3 12. Nxb3 Bb6 13. Qf3 Qd7 14. Rg1 a5 
15. Be3 a4 16. Nd2 d5 17. exd5 Nxd5 18. Nh7 Bxe3 19. fxe3 Kxh7 20. Qh5+ Kg8 
21. Rxg7+ Kxg7 22. Qg5+ Kh8 23. Qh4+ Kg7 24. Qg5+ Kh8 25. Qh5+ Kg7 26. Qg5+ 
1/2-1/2

[Event "Tuesday Night Engine Tour 7 Rd Swiss 12m+1s Starts at 2200hrs ST"]
[Site "Infinity Chess"]
[Date "2018.1.16"]
[Round "4"]
[White "BraveDevil"]
[Black "tris77"]
[Result "1/2-1/2"]
[ECO "E20"]
[WhiteElo "2453"]
[BlackElo "2331"]
[WhiteEngine "Cryptic AIL V1"]
[BlackEngine "stockfish_8_x64_popcnt_CTG"]
[EventType "Swiss"]
[WhiteTeam ""]
[BlackTeam ""]
[PlyCount "99"]
[TimeControl "720+1"]

1. d4 Nf6 2. c4 e6 3. Nc3 d5 4. Nf3 c6 5. Bg5 h6 6. Bh4 dxc4 7. e4 g5 8. Bg3 b5 
9. Be2 Bb7 10. h4 g4 11. Ne5 Nbd7 12. Bxg4 Nxe5 13. Bxe5 Rg8 14. Bf3 Nd7 
15. Bg3 Qb6 16. O-O O-O-O 17. Kh1 Bg7 18. Bh5 Rgf8 19. a4 b4 20. Ne2 a5 
21. Qc2 e5 22. dxe5 Nxe5 23. f4 Nd3 24. e5 Ba6 25. Rad1 Qc7 26. Nc1 f6 
27. Qe2 Nxc1 28. Rxd8+ Rxd8 29. Rxc1 Kb7 30. Bf3 c3 31. Qe3 Rd3 32. Qf2 fxe5 
33. bxc3 Rxc3 34. Rxc3 bxc3 35. Qe3 exf4 36. Bxf4 Qd7 37. Qc5 Bd4 38. Bxc6+ Qxc6 
39. Qxd4 c2 40. Qg7+ Kc8 41. Qxh6 Qxh6 42. Bxh6 Kd7 43. Kg1 Ke6 44. Bd2 Be2 
45. Kf2 Bd1 46. Ke3 Kf5 47. Kd3 Kg4 48. g3 Kxg3 49. h5 Bxh5 50. Kxc2 1/2-1/2

[Event "Tuesday Night Engine Tour 7 Rd Swiss 12m+1s Starts at 2200hrs ST"]
[Site "Infinity Chess"]
[Date "2018.1.16"]
[Round "4"]
[White "avilllaa"]
[Black "Zor"]
[Result "1-0 "]
[ECO "E40"]
[WhiteElo "2389"]
[BlackElo "2455"]
[WhiteEngine "Cryptic AIL V1"]
[BlackEngine "Cryptic AIL V1"]
[EventType "Swiss"]
[WhiteTeam ""]
[BlackTeam ""]
[PlyCount "175"]
[TimeControl "720+1"]

1. d4 Nf6 2. c4 e6 3. Nc3 Bb4 4. e3 O-O 5. Bd3 b6 6. Nf3 d5 7. O-O c5 
8. cxd5 exd5 9. Ne5 Bb7 10. Bd2 Nc6 11. a3 Nxe5 12. dxe5 Bxc3 13. Bxc3 Ne4 
14. Bxe4 dxe4 15. Qg4 h6 16. e6 Qg5 17. exf7+ Rxf7 18. Qxg5 hxg5 19. Rfd1 Raf8 
20. Rd6 Rxf2 21. Rg6 R2f7 22. Rxg5 Ba6 23. h4 Kh7 24. a4 Bd3 25. Kh2 Rc8 
26. Kg3 Kh6 27. a5 b5 28. Rc1 Rc6 29. Kh3 a6 30. g4 g6 31. Re5 Bf1+ 32. Kh2 Be2 
33. Rxe4 g5 34. Re8 gxh4 35. Kh3 Kg6 36. Kxh4 Rh7+ 37. Kg3 Kf7 38. Re5 Rg6 
39. g5 Rh5 40. Rxc5 Rhxg5+ 41. Rxg5 Rxg5+ 42. Kf4 Rg4+ 43. Kf5 Rc4 44. Re1 Bd3+ 
45. Ke5 Re4+ 46. Kd5 Ke7 47. Bd4 Kd7 48. Rg1 Rh4 49. Rg7+ Kc8 50. b4 Be4+ 
51. Kd6 Rh6+ 52. Ke5 Bb7 53. Re7 Rh4 54. Kf5 Bc6 55. e4 Bd7+ 56. Kf6 Rh6+ 
57. Kg7 Rh4 58. Bb6 Rf4 59. Kg6 Rg4+ 60. Kf6 Rg8 61. e5 Rf8+ 62. Kg7 Re8 
63. Kf7 Rxe7+ 64. Kxe7 Bh3 65. Kd6 Bg2 66. e6 Be4 67. Ba7 Kb7 68. Be3 Bg6 
69. Bg5 Be4 70. Bh6 Bg6 71. Bd2 Bh5 72. Be1 Bf3 73. Kd7 Bg4 74. Bg3 Bf5 
75. Bf2 Bg4 76. Bc5 Bh3 77. Bf8 Bf5 78. Bc5 Bh3 79. Bd6 Bf5 80. Bg3 Bg4 
81. Bh2 Bh3 82. Bg1 Bg4 83. Kd6 Bf5 84. e7 Bg6 85. Kd7 Bf5+ 86. Kd8 Bg6 
87. e8=R Bxe8 88. Kxe8 1-0

[Event "Tuesday Night Engine Tour 7 Rd Swiss 12m+1s Starts at 2200hrs ST"]
[Site "Infinity Chess"]
[Date "2018.1.16"]
[Round "4"]
[White "BlitzMaster"]
[Black "star99"]
[Result "1-0"]
[ECO "C55"]
[WhiteElo "2465"]
[BlackElo "2450"]
[WhiteEngine "komodo-11.2.2-64bit"]
[BlackEngine "Cryptic AIL V1"]
[EventType "Swiss"]
[WhiteTeam ""]
[BlackTeam ""]
[PlyCount "161"]
[TimeControl "720+1"]

1. e4 e5 2. Nf3 Nc6 3. Bc4 Nf6 4. d3 Bc5 5. c3 d6 6. O-O a5 7. Bg5 h6 8. Bh4 g5 
9. Bg3 O-O 10. Nbd2 Rb8 11. a4 Be6 12. h3 Nh5 13. Bh2 Ng7 14. Bxe6 Nxe6 
15. Rb1 Kg7 16. Nc4 f5 17. Nxa5 Nxa5 18. exf5 Rxf5 19. b4 Bb6 20. bxa5 Bxa5 
21. d4 exd4 22. cxd4 Qf6 23. Rb3 Kh8 24. Qd3 Qf7 25. Rc1 b6 26. Rb2 Rg8 
27. Re2 g4 28. hxg4 Rxg4 29. Bg3 Nf4 30. Bxf4 Rfxf4 31. Re3 Rg8 32. Qe2 Bb4 
33. g3 c5 34. d5 c4 35. Kg2 Qxd5 36. Rd1 Qf5 37. Rh1 Qg6 38. Rh4 Rxh4 
39. Nxh4 Qg4 40. Nf3 d5 41. Re6 Kh7 42. Qc2+ Rg6 43. Rxb6 Qe4 44. Qxe4 dxe4 
45. Rb7+ Rg7 46. Rxb4 exf3+ 47. Kxf3 Rc7 48. Ke2 c3 49. Kd1 c2+ 50. Kc1 Rc3 
51. Re4 Ra3 52. Kxc2 Ra2+ 53. Kb3 Rxf2 54. a5 Rf3+ 55. Kb4 Rxg3 56. a6 Rg1 
57. Re6 Ra1 58. Kb5 Kg7 59. Kb6 Rb1+ 60. Kc7 Ra1 61. Kb7 Rd1 62. a7 Ra1 
63. a8=Q Rxa8 64. Kxa8 h5 65. Kb7 h4 66. Kc6 h3 67. Re3 h2 68. Rh3 Kf6 
69. Rxh2 Ke5 70. Rh4 Kf5 71. Kd6 Kg5 72. Re4 Kf5 73. Rb4 Kg6 74. Ke6 Kg5 
75. Re4 Kg6 76. Rg4+ Kh5 77. Kf5 Kh6 78. Kf6 Kh7 79. Rh4+ Kg8 80. Rh5 Kf8 
81. Rh8# 1-0

[Event "Tuesday Night Engine Tour 7 Rd Swiss 12m+1s Starts at 2200hrs ST"]
[Site "Infinity Chess"]
[Date "2018.1.16"]
[Round "4"]
[White "OlivierEvan"]
[Black "hafaba"]
[Result "1/2-1/2"]
[ECO "A41"]
[WhiteElo "2398"]
[BlackElo "2433"]
[WhiteEngine "Houdini 6"]
[BlackEngine "Stockfish SL 07012018 POPCNT_CTG"]
[EventType "Swiss"]
[WhiteTeam ""]
[BlackTeam ""]
[PlyCount "113"]
[TimeControl "720+1"]

1. d4 d6 2. e4 Nf6 3. Nc3 g6 4. Nf3 Bg7 5. Be2 O-O 6. O-O c5 7. d5 e6 
8. Bf4 exd5 9. exd5 Re8 10. Re1 Bf5 11. Nb5 Bf8 12. c4 a6 13. Nc3 Nbd7 
14. Qd2 Ne4 15. Nxe4 Bxe4 16. Ng5 Nf6 17. Nxe4 Nxe4 18. Qc2 Qf6 19. Be3 Re7 
20. Bd3 Rae8 21. Re2 Qh4 22. Rae1 Nf6 23. g3 Qh3 24. f3 Nd7 25. Bf4 Ne5 
26. Bxe5 Rxe5 27. Rxe5 Rxe5 28. Rxe5 dxe5 29. Qe2 Bd6 30. a3 Kf8 31. Qd2 Kg7 
32. b3 Kg8 33. Qg5 Kg7 34. Be4 Qd7 35. Kg2 f6 36. Qc1 f5 37. Bd3 Qe7 38. Qe3 Qf6 
39. Bc2 Kf7 40. h4 Kg7 41. a4 e4 42. fxe4 f4 43. gxf4 Bxf4 44. Qxc5 Qxh4 
45. Qd4+ Kh6 46. Qf2 Qg4+ 47. Kf1 Be5 48. Qf8+ Kh5 49. Qf2 Kh6 50. c5 Kg7 
51. d6 h5 52. b4 h4 53. d7 Qh3+ 54. Ke2 Qg4+ 55. Kf1 Qh3+ 56. Ke2 Qg4+ 57. Kf1 
1/2-1/2

[Event "Tuesday Night Engine Tour 7 Rd Swiss 12m+1s Starts at 2200hrs ST"]
[Site "Infinity Chess"]
[Date "2018.1.16"]
[Round "4"]
[White "Eman"]
[Black "Thor"]
[Result "1/2-1/2"]
[ECO "D30"]
[WhiteElo "2462"]
[BlackElo "2452"]
[WhiteEngine "Eman 1.62 64-bit POPCNT"]
[BlackEngine "asmFishW_2017-11-19_bmi2"]
[EventType "Swiss"]
[WhiteTeam ""]
[BlackTeam ""]
[PlyCount "178"]
[TimeControl "720+1"]

1. d4 d5 2. c4 e6 3. Nf3 Nf6 4. Nc3 c6 5. Bg5 h6 6. Bxf6 Qxf6 7. e3 g6 
8. Be2 Nd7 9. O-O Qe7 10. e4 dxc4 11. Bxc4 Bg7 12. e5 O-O 13. Re1 Rd8 14. Rc1 b5 
15. Bd3 Bb7 16. Ne4 c5 17. Nxc5 Nxc5 18. dxc5 Qd7 19. Be2 Qxd1 20. Rexd1 Rxd1+ 
21. Rxd1 b4 22. Rd7 Bc6 23. Rc7 Bxf3 24. Bxf3 Bxe5 25. Rd7 Rc8 26. c6 a5 
27. a4 bxa3 28. bxa3 Kf8 29. a4 Rb8 30. Be4 Ke8 31. g3 f5 32. Bf3 Rb1+ 
33. Kg2 Rb2 34. Bd1 Rb6 35. Bf3 Rb2 36. h3 h5 37. Kf1 Rb1+ 38. Kg2 Rb2 
39. g4 hxg4 40. hxg4 Rc2 41. gxf5 gxf5 42. Rh7 Kd8 43. Rd7+ Ke8 44. Bh5+ Kf8 
45. Rd8+ Ke7 46. Rd7+ Kf6 47. Be8 Kg5 48. Rb7 Bd6 49. Bd7 Kf6 50. Kf1 Ke7 
51. Bc8+ Kf6 52. Bd7 Ke7 53. Bc8+ Bc7 54. Bxe6 Kxe6 55. Rxc7 Ra2 56. Ra7 Rxa4 
57. c7 Kd7 58. Kg2 Ra3 59. Rb7 Kc8 60. Ra7 a4 61. Ra8+ Kxc7 62. Rf8 f4 
63. Rxf4 Ra1 64. Kg3 Kc6 65. Kg4 Rg1+ 66. Kf3 Kb5 67. Rf5+ Kb4 68. Rf4+ Ka3 
69. Rf8 Ra1 70. Ra8 Kb3 71. Rb8+ Kc4 72. Rb7 Ra2 73. Ra7 a3 74. Ke3 Ra1 
75. Kf4 a2 76. f3 Kb3 77. Rb7+ Kc2 78. Ra7 Kb1 79. Ke5 Kc1 80. f4 Kb1 81. f5 Kc1 
82. f6 Kb2 83. f7 Re1+ 84. Kd5 Rd1+ 85. Ke5 Re1+ 86. Kd6 Rd1+ 87. Ke6 Re1+ 
88. Kd5 Rd1+ 89. Ke5 Re1+ 1/2-1/2

[Event "Tuesday Night Engine Tour 7 Rd Swiss 12m+1s Starts at 2200hrs ST"]
[Site "Infinity Chess"]
[Date "2018.1.16"]
[Round "4"]
[White "incredible"]
[Black "SkyPilot"]
[Result "1/2-1/2"]
[ECO "E10"]
[WhiteElo "2441"]
[BlackElo "2475"]
[WhiteEngine "Stockfish_x64_bmi2"]
[BlackEngine "stockfish_x64_bmi2_2018_01_13_CTG"]
[EventType "Swiss"]
[WhiteTeam ""]
[BlackTeam ""]
[PlyCount "148"]
[TimeControl "720+1"]

1. d4 Nf6 2. c4 e6 3. Nf3 d5 4. Nc3 c6 5. Bg5 h6 6. Bxf6 Qxf6 7. e3 Nd7 
8. Bd3 dxc4 9. Bxc4 g6 10. O-O Bg7 11. e4 e5 12. d5 Nb6 13. Nd2 O-O 14. Bb3 h5 
15. Qe2 Bg4 16. f3 Bd7 17. Qf2 Qe7 18. Nc4 Nxc4 19. Bxc4 Rfd8 20. b3 Bh6 
21. Rad1 Kg7 22. dxc6 Bxc6 23. Nd5 Bxd5 24. Bxd5 Rd7 25. Qb2 Be3+ 26. Kh1 Bd4 
27. Qe2 Rad8 28. g3 Bb6 29. Qg2 f5 30. Rc1 f4 31. gxf4 exf4 32. Qb2+ Kh6 
33. Rc2 a5 34. a4 Be3 35. Qc3 b6 36. Qb2 Rf8 37. Rd1 Rc7 38. Rg2 g5 39. h3 Rd8 
40. Rf1 Re8 41. Rd1 Rd8 42. Rf1 Rcd7 43. Qc3 Bc5 44. Rd1 Rc7 45. Qb2 Kh7 
46. Qa1 Be3 47. Bc4 Rxd1+ 48. Qxd1 Rd7 49. Bd5 Rc7 50. Bc4 Rd7 51. Bd5 Rd8 
52. Qa1 Rc8 53. Bc4 Re8 54. Qc3 Rd8 55. e5 Kh6 56. e6 g4 57. fxg4 hxg4 
58. Rxg4 Rd1+ 59. Kh2 Rd2+ 60. Rg2 Rxg2+ 61. Kxg2 Qg5+ 62. Kf1 Qg1+ 63. Ke2 Qg2+ 
64. Kd1 Qh1+ 65. Kc2 Qg2+ 66. Kb1 Qg1+ 67. Kc2 Qc1+ 68. Kd3 Qb1+ 69. Qc2 Qg1 
70. Qc3 Qf1+ 71. Kc2 Qc1+ 72. Kd3 Qb1+ 73. Qc2 Qg1 74. Qc3 Qb1+ 1/2-1/2

[Event "Tuesday Night Engine Tour 7 Rd Swiss 12m+1s Starts at 2200hrs ST"]
[Site "Infinity Chess"]
[Date "2018.1.16"]
[Round "4"]
[White "KhalidOmar"]
[Black "angriff"]
[Result "1/2-1/2"]
[ECO "B00"]
[WhiteElo "2460"]
[BlackElo "2483"]
[WhiteEngine "Eman 1.62 64-bit BMI2"]
[BlackEngine "Raubfisch ME262_GTZ16b1_CTG"]
[EventType "Swiss"]
[WhiteTeam ""]
[BlackTeam ""]
[PlyCount "105"]
[TimeControl "720+1"]

1. e4 Nc6 2. d4 d5 3. e5 Bf5 4. c3 e6 5. Nf3 f6 6. Bb5 Nge7 7. exf6 gxf6 
8. Nh4 Bg6 9. O-O a6 10. Be2 Qd7 11. a4 Bf7 12. Nd2 Ng6 13. Nxg6 hxg6 14. b4 Bd6 
15. h3 e5 16. dxe5 Bxe5 17. Re1 O-O 18. Bb2 Rfe8 19. b5 Na5 20. Nf3 Bd6 
21. bxa6 bxa6 22. c4 dxc4 23. Bxf6 Qf5 24. Bc3 Nb3 25. Ra2 Rad8 26. Qc2 Qxc2 
27. Rxc2 Nc5 28. Ra1 Nd3 29. Bf1 Rb8 30. Rd1 Rb3 31. a5 Bd5 32. Nd2 Ra3 
33. Nxc4 Bxc4 34. Rxd3 Bxd3 35. Bxd3 Rb8 36. Bxa6 Rb1+ 37. Bf1 Bb4 38. Bxb4 Rxb4 
39. Bc4+ Kg7 40. a6 c5 41. Be2 Ra1+ 42. Kh2 Ra5 43. g4 Kf6 44. h4 Ke5 
45. h5 gxh5 46. gxh5 Kd5 47. Rd2+ Ke5 48. Rd7 c4 49. Rc7 Rxa6 50. Rxc4 Rxc4 
51. Bxc4 Ra4 52. Bd3 Rh4+ 53. Kg3 1/2-1/2

[Event "Tuesday Night Engine Tour 7 Rd Swiss 12m+1s Starts at 2200hrs ST"]
[Site "Infinity Chess"]
[Date "2018.1.16"]
[Round "4"]
[White "KULLANI"]
[Black "RonWeasley"]
[Result "1/2-1/2 "]
[ECO "A46"]
[WhiteElo "2477"]
[BlackElo "2458"]
[WhiteEngine "BrainFish_180113_x64_CTG"]
[BlackEngine "BrainFish 130117_CTG"]
[EventType "Swiss"]
[WhiteTeam ""]
[BlackTeam ""]
[PlyCount "186"]
[TimeControl "720+1"]

1. d4 Nf6 2. Nf3 d5 3. e3 e6 4. b3 c5 5. Bb2 cxd4 6. exd4 Nc6 7. Bd3 Bd6 
8. Nbd2 O-O 9. O-O b6 10. a3 Bb7 11. Re1 Rc8 12. Ne5 g6 13. Qe2 Be7 14. Qe3 Re8 
15. b4 Bf8 16. Ndf3 Bg7 17. Ng5 Rc7 18. Rad1 h6 19. Ngf3 Qe7 20. Nxc6 Bxc6 
21. b5 Bb7 22. Ra1 Ne4 23. a4 Qd8 24. Ne5 Nd6 25. Qg3 h5 26. a5 bxa5 27. Ra4 Ne4 
28. Qe3 Bxe5 29. dxe5 Nc5 30. Rxa5 Nxd3 31. Qxd3 d4 32. Bxd4 Qd5 33. f3 Rec8 
34. Re2 a6 35. Rd2 axb5 36. Rxb5 Ba6 37. Rxd5 Bxd3 38. Bb6 exd5 39. Bxc7 Bf5 
40. Ba5 Rxc2 41. Rxd5 g5 42. Rd2 Rc5 43. Bd8 g4 44. Bf6 Kh7 45. Kf2 Kg6 
46. Kg3 Rc3 47. Be7 Be6 48. Rd4 Rc7 49. Bd8 Rc8 50. Rd2 Kf5 51. Bf6 Rc3 
52. Rd4 Kg6 53. Rf4 Rc5 54. h3 gxh3 55. gxh3 Rc4 56. Rxc4 Bxc4 57. Kf4 Be6 
58. h4 Bd5 59. Bg5 Bb7 60. Be7 Bd5 61. Ba3 Bb7 62. Bb2 Bd5 63. Ba3 Bc6 
64. Ke3 Bd5 65. Kf2 Bc6 66. Ke3 Ba8 67. Kf2 Bb7 68. f4 Kf5 69. Kg3 Bc6 
70. Bc1 Bd5 71. Be3 Bb7 72. Bb6 Bc6 73. Bd8 Bb7 74. Be7 Bc6 75. Bf6 Be4 
76. Bg5 Bb7 77. Be7 Ba8 78. Bb4 Bh1 79. Bc3 Bd5 80. Bb2 Be4 81. Bd4 Bd5 
82. Bf2 Be6 83. Be1 Bd5 84. Bd2 Ba8 85. Ba5 Be4 86. Bd2 Bd5 87. Bb4 Bb7 
88. Bc5 Be4 89. Bd4 Bh1 90. Bc3 Ba8 91. Bb4 Bc6 92. Bd2 Be4 93. Bc3 Bb7 1/2-1/2

[Event "Tuesday Night Engine Tour 7 Rd Swiss 12m+1s Starts at 2200hrs ST"]
[Site "Infinity Chess"]
[Date "2018.1.16"]
[Round "3"]
[White "tris77"]
[Black "avilllaa"]
[Result "1/2-1/2"]
[ECO "E10"]
[WhiteElo "2326"]
[BlackElo "2452"]
[WhiteEngine "stockfish_8_x64_popcnt_CTG"]
[BlackEngine "Cryptic AIL V1"]
[EventType "Swiss"]
[WhiteTeam ""]
[BlackTeam ""]
[PlyCount "86"]
[TimeControl "720+1"]

1. d4 Nf6 2. c4 e6 3. Nf3 d5 4. Nc3 c6 5. Bg5 h6 6. Bh4 dxc4 7. e4 g5 8. Bg3 b5 
9. Be2 Bb7 10. h4 g4 11. Ne5 Nbd7 12. Nxd7 Qxd7 13. Be5 Qe7 14. O-O Rg8 
15. b3 Bg7 16. Qc2 Nh5 17. Bxg7 Rxg7 18. g3 Qd6 19. e5 Qxd4 20. Ne4 Qxe5 
21. Rad1 Kf8 22. Rfe1 c5 23. Bxc4 bxc4 24. Nd6 Qf6 25. Nxb7 Qf3 26. Qd2 Qxb7 
27. Qxh6 Nxg3 28. fxg3 Kg8 29. bxc4 Qf3 30. Qe3 Qxe3+ 31. Rxe3 Rb8 32. Re5 Rb2 
33. a4 Ra2 34. Rxc5 Rxa4 35. Rc8+ Kh7 36. Rc1 f5 37. c5 Rb7 38. c6 Rb3 
39. c7 Rxg3+ 40. Kh1 Rh3+ 41. Kg1 Rg3+ 42. Kf2 Rf3+ 43. Kg1 Rg3+ 1/2-1/2

[Event "Tuesday Night Engine Tour 7 Rd Swiss 12m+1s Starts at 2200hrs ST"]
[Site "Infinity Chess"]
[Date "2018.1.16"]
[Round "3"]
[White "star99"]
[Black "BraveDevil"]
[Result "1/2-1/2"]
[ECO "B95"]
[WhiteElo "2450"]
[BlackElo "2457"]
[WhiteEngine "Cryptic AIL V1"]
[BlackEngine "Cryptic AIL V1"]
[EventType "Swiss"]
[WhiteTeam ""]
[BlackTeam ""]
[PlyCount "47"]
[TimeControl "720+1"]

1. e4 c5 2. Nf3 d6 3. d4 cxd4 4. Nxd4 Nf6 5. Nc3 a6 6. Bg5 e6 7. Qf3 Be7 
8. Be2 Qc7 9. O-O Nbd7 10. a4 b6 11. Qg3 Bb7 12. Rad1 O-O 13. Bh6 Ne8 
14. Rfe1 Nc5 15. Bd3 Bf6 16. Be3 Rd8 17. f3 g6 18. Bf1 Rc8 19. Qf2 Ng7 
20. g3 Ne8 21. Nb3 Ng7 22. Nd4 Ne8 23. Nb3 Ng7 24. Nd4 1/2-1/2

[Event "Tuesday Night Engine Tour 7 Rd Swiss 12m+1s Starts at 2200hrs ST"]
[Site "Infinity Chess"]
[Date "2018.1.16"]
[Round "3"]
[White "Zor"]
[Black "BlitzMaster"]
[Result "1/2-1/2 "]
[ECO "D15"]
[WhiteElo "2455"]
[BlackElo "2465"]
[WhiteEngine "Cryptic AIL V1"]
[BlackEngine "komodo-11.2.2-64bit"]
[EventType "Swiss"]
[WhiteTeam ""]
[BlackTeam ""]
[PlyCount "100"]
[TimeControl "720+1"]

1. d4 d5 2. c4 c6 3. Nf3 Nf6 4. Nc3 e6 5. Bg5 h6 6. Bh4 dxc4 7. Bxf6 Qxf6 
8. e3 b5 9. a4 Bb4 10. Ne5 Bb7 11. Be2 Qd8 12. Bf3 Qc7 13. O-O Bxc3 14. bxc3 O-O 
15. Qb1 Nd7 16. Nxd7 Qxd7 17. Qb4 Rfc8 18. h4 Rc7 19. Qa5 a6 20. Qb6 Qe7 
21. Rfd1 Rd7 22. h5 Rb8 23. Rdb1 Qd8 24. Qc5 Rc7 25. Be4 Ra8 26. Bf3 Qf8 
27. Qb6 Qc8 28. Qc5 Qf8 29. Qb6 Qe7 30. Ra2 Kh8 31. Raa1 Rd7 32. g3 c5 
33. Bxb7 Rxb7 34. Qc6 b4 35. a5 Qd7 36. Qxd7 Rxd7 37. dxc5 bxc3 38. c6 Rd5 
39. c7 Rg8 40. Kg2 Rxh5 41. Rb6 Rc5 42. Rxa6 Rxc7 43. Ra3 h5 44. g4 c2 
45. Rc3 hxg4 46. Kg3 Rd8 47. Rxc2 c3 48. Kxg4 Rc5 49. Kf3 Kg8 50. Ra7 Rdc8 
1/2-1/2